 Dungeon Crawl Stone Soup version 0.25-a0-614-g73ad250637 (webtiles) character file.

Game seed: 15063081467340379297, levelgen mode: deterministic

103 Amnesiac the Bolt Thrower (level 4, -6/22 HPs)
             Began as a Spriggan Hunter on Mar 17, 2020.
             Mangled by an ogre
             ... wielding a +0 giant spiked club
              (28 damage)
             ... on level 2 of the Dungeon.
             The game lasted 00:01:13 (780 turns).

Amnesiac the Bolt Thrower (Spriggan Hunter)          Turns: 780, Time: 00:01:13

Health: -6/22      AC:  2    Str:  9    XL:     4   Next: 51%
Magic:  5/5        EV: 20    Int: 12    God:
Gold:   13         SH:  0    Dex: 19    Spells: 3/3 levels left

rFire    . . .     SeeInvis +   a - +1 hand crossbow
rCold    . . .     Gourm    .   (shield restricted)
rNeg     . . .     Faith    .   c - +0 robe
rPois    .         Spirit   .   (helmet restricted)
rElec    .         Reflect  .   (no cloak)
rCorr    .         Harm     .   (gloves unavailable)
MR       .....                  (boots unavailable)
Stlth    ++........             (no amulet)
HPRegen  0.07/turn              m - +3 ring of dexterity
MPRegen  0.09/turn              (no ring)

@: very quick
A: very small, unfitting armour, see invisible, herbivore, speed 3, slow
metabolism 2
a: no special abilities


You were on level 2 of the Dungeon.
You were not hungry.

You visited 1 branch of the dungeon, and saw 2 of its levels.

You collected 13 gold pieces.

Inventory:

Hand Weapons
 a - a +1 hand crossbow (weapon)
 b - a +0 short sword
Missiles
 d - 25 bolts (quivered)
Armour
 c - a +0 robe (worn)
Jewellery
 m - a +3 ring of dexterity (left hand)
Scrolls
 e - 4 scrolls of remove curse {!r, unknown}
 g - a scroll of amnesia {!r, unknown}
 h - 2 scrolls of teleportation {!r, unknown}
 j - a scroll of enchant armour {!r, unknown}
Potions
 i - a potion of haste {!q, unknown}
 k - a potion of mutation {!q, unknown}
 l - a potion of stabbing {!q, unknown}
 n - 2 potions of brilliance {!q, unknown}
Comestibles
 f - 3 rations


   Skills:
 - Level 1.5 Fighting
 * Level 5.6 Crossbows
 + Level 4.1 Dodging
 - Level 1.5 Stealth


You had 3 spell levels left.
You didn't know any spells.
Your spell library was empty.

Dungeon Overview and Level Annotations

Branches:
Dungeon (2/15)

Altars:


Innate Abilities, Weirdness & Mutations

You are very small and have problems with some larger weapons.
You are too small for most types of armour.
You have supernaturally acute eyesight. (SInv)
You are a herbivore.
You cover ground extremely quickly.
You need to consume almost no food.


Message History

The bolt barely misses the leopard gecko.
The leopard gecko hisses angrily.
A leopard gecko is nearby!
Firing (i - inventory)
d - 7 bolts (quivered)
Press: ? - help, Shift-Dir - straight line, f/p - leopard gecko
Aim: a leopard gecko You shoot a bolt.
The bolt hits the leopard gecko!
You kill the leopard gecko!
No target in view!
d - 7 bolts (gained 1)
d - 8 bolts (gained 1)
d - 9 bolts (gained 1) HP restored.
d - 10 bolts (gained 1)
You see here a leopard gecko corpse.
d - 11 bolts (gained 1)
You see here a frilled lizard corpse.
You see here a giant cockroach corpse.
Found a leather armour.
No target in view!
m - a knobbly glass ring No target in view!
d - 30 bolts (gained 19)
n - 2 silvery potions {!q} No target in view!
Things that are here:
a +0 club; a +0 ring mail You see here a dagger.
You see here a rat corpse.
You see here a hound skeleton.
An ogre comes into view. It is wielding a +0 giant spiked club.
The ogre shouts!
You hear an angry hiss.
A rat comes into view.
You feel agile.
m - a +3 ring of dexterity (left hand) Firing (i - inventory)
d - 30 bolts (quivered)
Press: ? - help, Shift-Dir - straight line, f - ogre
Aim: an ogre, wielding a +0 giant spiked club You shoot a bolt.
The bolt hits the ogre.
The ogre is lightly wounded.
Firing (i - inventory)
d - 29 bolts (quivered)
Press: ? - help, Shift-Dir - straight line, f/p - ogre
Aim: an ogre, wielding a +0 giant spiked club (lightly wounded)
You shoot a bolt. The bolt hits the ogre!
The ogre is heavily wounded.
Firing (i - inventory)
d - 28 bolts (quivered)
Press: ? - help, Shift-Dir - straight line, f/p - ogre
Aim: an ogre, wielding a +0 giant spiked club (heavily wounded)
You shoot a bolt. The bolt hits the ogre!
The ogre is almost dead.
Firing (i - inventory)
d - 27 bolts (quivered)
Press: ? - help, Shift-Dir - straight line, f/p - ogre
Aim: an ogre, wielding a +0 giant spiked club (almost dead)
You shoot a bolt.
The bolt hits the ogre but does no damage.
The ogre is almost dead.
Firing (i - inventory)
d - 26 bolts (quivered)
Press: ? - help, Shift-Dir - straight line, f/p - ogre
Aim: an ogre, wielding a +0 giant spiked club (almost dead)
You shoot a bolt. The bolt hits the ogre.
The ogre is almost dead.
The ogre hits you with a +0 giant spiked club!!
Ouch! That really hurt!
You die...

### #.# ##.# ##..#
##.<## ###...# #
#####.....# ...
###........## ######..(.
....####.### #.@O(.((..
..######.######..r......
..÷...÷.................
..>...#.##.........#....
#.#...........#....# ...
.........###..#....# ..
#.....#....#..#....# .
###................####
........###...........#


You could see an ogre and a rat.

Vanquished Creatures
  2 hounds (D:2)
  3 worms (D:2)
  2 dart slugs (D:1)
  A leopard gecko (D:2)
  2 bats (D:1)
  5 giant cockroaches
  3 goblins
  2 jackals (D:1)
  3 frilled lizards
  6 kobolds
  3 rats
32 creatures vanquished.

Notes
Turn   | Place    | Note
-------+----------+-------------------------------------------
     0 | D:1      | Amnesiac the Spriggan Hunter began the quest for the Orb.
     0 | D:1      | Reached XP level 1. HP: 10/10 MP: 2/2
    82 | D:1      | Reached XP level 2. HP: 13/14 MP: 3/3
   482 | D:2      | Reached skill level 5 in Crossbows
   482 | D:2      | Reached XP level 3. HP: 18/18 MP: 4/4
   584 | D:2      | Reached XP level 4. HP: 19/22 MP: 5/5
   774 | D:2      | Noticed an ogre
   780 | D:2      | Mangled by an ogre

Levels and vault maps discovered:
D:1:      lightli_molten_gateway, layout_basic
D:2:      layout_rooms, first_ration

Skill      XL: |  1  2  3 |
---------------+----------+-----
Crossbows      | 5 |  5.6
Dodging        | 4 |  4.1
Fighting       | |  1.5
Stealth        | |  1.5

Action                   |  1- 3 |  4- 6 || total
-------------------------+-------+-------++-------
 Fire: Hand crossbow     |    63 |    20 ||    83
Armor: Robe              |     1 |       ||     1
Dodge: Dodged            |     6 |     1 ||     7

Table legend:
 A = Non-vault XP
 B = Vault XP
 C = Vault XP percentage of total XP
 D = Non-vault monster count
 E = Vault monster count
 F = Vault count percentage of total count
                 A         B        C        D         E       F
            +---------+---------+-------+---------+---------+-------
      Total |     148 |       0 |   0.0 |      32 |       0 |   0.0
            +---------+---------+-------+---------+---------+-------
        D:1 |      24 |       0 |   0.0 |      12 |       0 |   0.0
        D:2 |     124 |       0 |   0.0 |      20 |       0 |   0.0
            +---------+---------+-------+---------+---------+-------
